 Dungeon Crawl Stone Soup version 0.25-a0-474-ga8a2ee3166 (webtiles) character file.

Game seed: 16356603840591660417, levelgen mode: deterministic

25418 vurker the Zephyrmancer (level 12, -38/56 HPs)
             Began as a Felid Air Elementalist on Feb 7, 2020.
             Was a High Priest of Vehumet.
             Annihilated by a spriggan rider
             ... wielding a +0 spear
              (57 damage)
             ... on level 6 of the Lair of Beasts.
             The game lasted 00:30:55 (28202 turns).

vurker the Zephyrmancer (Felid Air Elementalist)   Turns: 28202, Time: 00:30:56

Health: -38/56     AC:  3    Str:  4    XL:     12   Next: 89%
Magic:  8/28       EV: 20    Int: 21    God:    Vehumet [*****.]
Gold:   1412       SH:  0    Dex: 17    Spells: 18/34 levels left
                                        Lives:  0   Deaths: 3

rFire    . . .     SeeInvis +   (weapon unavailable)
rCold    + . .     Gourm    .   (shield unavailable)
rNeg     . . .     Faith    .   (armour unavailable)
rPois    +         Spirit   .   (helmet unavailable)
rElec    .         Reflect  .   (cloak unavailable)
rCorr    .         Harm     +   (gloves unavailable)
MR       ++...                  (boots unavailable)
Stlth    +++.......             v - amulet of harm
HPRegen  0.18/turn              A - ring of protection from magic
MPRegen  0.21/turn              B - ring of poison resistance

@: sleeping, quick
A: very small, no armour, no weapons or thrown items, stealth, claws 1, fangs 3,
see invisible, carnivore, speed 1, shaggy fur 3, slow metabolism 1, sharp paws
a: Renounce Religion


You were on level 6 of the Lair of Beasts.
You worshipped Vehumet.
Vehumet was extremely pleased with you.
You were completely stuffed.

You visited 3 branches of the dungeon, and saw 19 of its levels.

You collected 1412 gold pieces.

Inventory:

Jewellery
 g - an uncursed ring of stealth {unknown}
   (You found it on level 6 of the Lair of Beasts)
 v - an amulet of harm (around neck)
   (You found it on level 5 of the Dungeon)
 w - an uncursed amulet of guardian spirit {unknown}
   (You found it on level 1 of the Lair of Beasts)
 A - a ring of protection from magic (left paw)
   (You found it on level 8 of the Dungeon)
 B - a ring of poison resistance (right paw)
   (You took it off an orc on level 11 of the Dungeon)
 C - an uncursed amulet of magic regeneration {unknown}
   (You found it on level 11 of the Dungeon)
 D - an uncursed ring of protection from cold
   (You found it on level 11 of the Dungeon)
Wands
 c - a wand of disintegration (16)
   (You found it on level 8 of the Dungeon)
 d - a wand of iceblast (5)
   (You found it on level 6 of the Dungeon)
 k - a wand of polymorph (23)
   (You found it on level 7 of the Dungeon)
 o - a wand of scattershot (2)
   (You found it on level 6 of the Dungeon)
 t - a wand of flame (26)
   (You found it on level 3 of the Lair of Beasts)
 u - a wand of paralysis (24)
   (You found it on level 2 of the Dungeon)
Scrolls
 a - 7 scrolls of fear
 f - 2 scrolls of immolation
 l - 4 scrolls of amnesia
 m - 3 scrolls of blinking
 p - 9 scrolls of remove curse
 x - a scroll of magic mapping
 y - 4 scrolls of fog
 z - 10 scrolls of teleportation
 H - a scroll of acquirement {unknown}
 J - a scroll of identify
Potions
 b - 6 potions of haste
 h - 10 potions of curing
 i - 5 potions of brilliance
 j - 2 potions of invisibility
 n - a potion of ambrosia
 q - 3 potions of flight
 r - 2 potions of lignification
 s - a potion of mutation
 F - a potion of heal wounds
 G - 2 potions of resistance {unknown}
Miscellaneous
 E - a phial of floods (inert)
   (You found it on level 2 of the Lair of Beasts)
Comestibles
 e - 33 rations
 I - a chunk of flesh


   Skills:
 + Level 8.5 Fighting
 - Level 5.0 Dodging
 - Level 5.0 Stealth
 * Level 11.7 Spellcasting
 + Level 8.9 Conjurations
 * Level 11.8 Air Magic
 + Level 8.5 Evocations


You had 18 spell levels left.
You knew the following spells:

 Your Spells              Type           Power        Failure   Level  Hunger
a - Shock                 Conj/Air       ####         1%          1    None
b - Lightning Bolt        Conj/Air       ######....   1%          5    ####...
c - Airstrike             Air            ######....   1%          4    #......
z - Freezing Cloud        Conj/Ice/Air   #####.....   13%         6    ######.

Your spell library contained the following spells:

 Spells                   Type           Power        Failure   Level  Hunger
 Magic Dart               Conj           ####         1%          1    None
 Searing Ray              Conj           ######       1%          2    None
 Swiftness                Chrm/Air       #####...     1%          2    None
 Dazzling Flash           Conj/Hex       ####..       1%          3    None
 Static Discharge         Conj/Air       ######..     1%          3    None
 Fulminant Prism          Conj/Hex       ####......   2%          4    #......
 Iskenderun's Mystic Bla  Conj/Tloc      ####....     2%          4    #......
 Animate Skeleton         Necr           N/A          5%          1    None
 Apportation              Tloc           ##....       5%          1    None
 Corona                   Hex            ##.....      5%          1    None
 Pain                     Necr           ##..         5%          1    None
 Summon Butterflies       Summ           ##......     5%          1    None
 Ensorcelled Hibernation  Hex/Ice        ##....       9%          2    None
 Confusing Touch          Hex            ##......     16%         3    None
 Gell's Gravitas          Tloc           ##........   16%         3    None
 Lesser Beckoning         Tloc           ##........   16%         3    None
 Tukima's Dance           Hex            ##......     16%         3    None
 Vampiric Draining        Necr           ##........   16%         3    None
 Yara's Violent Unravell  Hex/Tmut       ##........   36%         5    ####...
 Animate Dead             Necr           N/A          47%         4    #......
 Petrify                  Tmut/Erth      ##......     47%         4    #......
 Agony                    Necr           ##......     83%         5    ####...
 Alistair's Intoxication  Tmut/Pois      ##......     83%         5    ####...
 Metabolic Englaciation   Hex/Ice        ##........   83%         5    ####...
 Invisibility             Hex            ##......     100%        6    ######.
 Ignition                 Fire           ##........   100%        8    #######
 Shatter                  Erth           ##........   100%        9    #######
 Tornado                  Air            ######....   100%        9    #######


Dungeon Overview and Level Annotations

Branches:
Dungeon (12/15)            Temple (1/1) D:6            Lair (6/6) D:11
  Swamp (0/4) Lair:3       Spider (0/4) Lair:2        Slime (0/5) Lair:6
    Orc: D:9-12

Altars:
Ashenzari
Cheibriados
Dithmenos
Elyvilon
Fedhas
Gozag
Kikubaaqudgha
Makhleb
Nemelex Xobeh
Ru
Trog
Uskayaw
Vehumet
Wu Jian
Xom
Yredelemnul
Zin
Jiyva

Shops:
D:5 [   D:6 %

Annotations:
Lair:6 1 runed translucent door


Innate Abilities, Weirdness & Mutations

You cannot wear armour.
You are incapable of wielding weapons or throwing items.
Your paws allow you to move quietly. (Stealth)
You have sharp claws.
You have razor-sharp teeth.
You have supernaturally acute eyesight. (SInv)
You are carnivorous and can eat meat at any time.
You cover ground quickly.
Your thick and shaggy fur keeps you warm. (AC +3, rC+)
You have a slow metabolism.
Your sharp claws are effective at attacking unaware monsters.


Message History

A dream sheep comes into view.
The dream sheep shake their wool and sparkle.
You feel drowsy...
You fall asleep.
A dream sheep comes into view.
A wolf comes into view.
A dream sheep comes into view.
The spriggan hits you with a +0 flail!!
You wake up.
Aim: a dream sheep (almost dead)
The air twists around and strikes the dream sheep!
You kill the dream sheep!
Vehumet accepts your kill.
You feel your power returning.
The dream sheep bleats!
The spriggan hits you with a +0 flail.
Aim: a spriggan, wielding a +0 flail, wearing a +0 robe and wearing a +0 buckler The air twists around and strikes the spriggan!
The wolf howls!
The dream sheep bites you!
* * * LOW HITPOINT WARNING * * *
The spriggan closely misses you.
Aim: a spriggan, wielding a +0 flail, wearing a +0 robe and wearing a +0 buckler (severely wounded)
The air twists around and strikes the spriggan!
You kill the spriggan!
Vehumet accepts your kill.
The dream sheep bleats!
A spriggan rider comes into view. It is wielding a +0 spear.
The dream sheep bites you.
* * * LOW HITPOINT WARNING * * *
Okay, then.
Aim: a dream sheep The air twists around and strikes the dream sheep!
The spriggan rider shouts!
The dream sheep ruffle their wool and motes of dream dust sparkle, to no effect.
Aim: a dream sheep (almost dead)
The air twists around and strikes the dream sheep!
You kill the dream sheep!
Vehumet accepts your kill.
You feel your power returning. The dream sheep barely misses you.
The wolf bites you.
* * * LOW HITPOINT WARNING * * *
Aim: a dream sheep The air twists around and strikes the dream sheep!
The wolf bites you but does no damage.
The dream sheep shake their wool and sparkle.
You feel drowsy...
You fall asleep.
The dream sheep closely misses you. The wolf misses you.
A spriggan comes into view. It is wielding a +0 short sword.
The spriggan rider hits you from afar with a +0 spear!!!
Ouch! That really hurt!
You die...

#....... #.....
##....... ##....
.#........ .....
.......... #...##
........P.# .Y..#
###......## #Yi.#
###P..... #Yh.##
###.... #@...###
####P....
##..##.#.#........
#..P.##..........
#.....i..........
##......##........
##.....####......<.
##...#### ##.......
##.P..## #.#......
#####.P^...#
##....(..


You could see a spriggan rider, a spriggan (wandering), a wolf and 3 dream
sheep.

Vanquished Creatures
  Kirke (Lair:4)
  Nessos (Lair:4)
  A fire dragon (Lair:4)
  Harold (D:11)
  5 hydras
  Erolcha (D:11)
  A two-headed ogre (D:9)
  An unseen horror (D:11)
  An ugly thing (D:11)
  2 deep elf magi
  3 oklob plants (Lair:2)
  2 black mambas (Lair:3)
  5 elephants (Lair:6)
  2 torpor snails
  8 spiny frogs
  2 rime drakes
  3 komodo dragons
  5 hornets
  2 polar bears (Lair:6)
  2 dream sheep (Lair:6)
  13 blink frogs
  4 hippogriffs
  A redback (Lair:2)
  6 spriggans (Lair:6)
  26 yaks
  3 hogs
  2 wyverns
  A hungry ghost (D:8)
  Eustachio (D:5)
  Menkaure (D:7)
  7 water moccasins
  8 porcupines
  2 ice beasts
  2 orc warriors
  A sky beast (D:6)
  2 phantoms
  3 black bears
  7 ogres
  A necrophage (D:7)
  7 centaurs
  2 boggarts (Lair:6)
  19 wolves
  7 crocodiles
  12 bullfrogs
  A wyvern zombie (D:9)
  A gnoll sergeant (D:5)
  3 scorpions
  2 wyvern skeletons
  A water moccasin skeleton (D:5)
  8 killer bees
  A howler monkey (D:9)
  A centaur zombie (D:9)
  3 crimson imps
  An orc priest (D:7)
  4 hounds
  7 orc wizards
  A centaur skeleton (D:7)
  4 iguanas
  3 bullfrog skeletons
  4 hell rats (Lair:3)
  9 worker ants
  2 killer bee zombies
  2 hound zombies
  A hound skeleton (D:5)
  2 howler monkey zombies
  A howler monkey skeleton (D:10)
  2 worker ant zombies
  3 gnolls (D:5)
  11 adders
  2 shadow imps
  An ooze (D:5)
  3 adder skeletons
  2 worms
  3 dart slugs
  7 leopard geckos
  20 orcs
  9 bats
  A giant cockroach (D:2)
  9 goblins
  8 hobgoblins
  7 jackals
  6 quokkas
  4 frilled lizards
  9 kobolds
  A leopard gecko skeleton (D:4)
  A leopard gecko zombie (D:5)
  A quokka skeleton (D:4)
  7 rats
366 creatures vanquished.

Vanquished Creatures (others)
  A human (Lair:4)
  An orc warrior (D:8)
  2 orcs (D:8)
  11 fungi
  4 plants
19 creatures vanquished.

Grand Total: 385 creatures vanquished

Notes
Turn   | Place    | Note
-------+----------+-------------------------------------------
     0 | D:1      | vurker the Felid Air Elementalist began the quest for the
                  | Orb.
     0 | D:1      | Reached XP level 1. HP: 7/7 MP: 4/4
    64 | D:1      | Reached skill level 1 in Conjurations
   462 | D:1      | Reached XP level 2. HP: 11/11 MP: 3/6
  1102 | D:1      | Reached XP level 3. HP: 15/15 MP: 3/7
  1913 | D:2      | Reached skill level 1 in Fighting
  2034 | D:2      | Found a faded altar of an unknown god.
  2378 | D:2      | Reached XP level 4. HP: 19/19 MP: 5/9
  2885 | D:2      | Found a snail-covered altar of Cheibriados.
  2887 | D:2      | Found a hide-covered altar of Uskayaw.
  2887 | D:2      | Found a hide-covered altar of Uskayaw.
  2889 | D:2      | Found a white marble altar of Elyvilon.
  2889 | D:2      | Found a shimmering altar of Xom.
  2889 | D:2      | Found a hide-covered altar of Uskayaw.
  3069 | D:2      | Found a shattered altar of Ashenzari.
  3076 | D:2      | Found a bloodstained altar of Trog.
  3818 | D:3      | Slain by a killer bee zombie
  3819 | D:3      | Reached XP level 3. HP: -3/15 MP: 2/8
  4116 | D:3      | Reached XP level 4. HP: 4/19 MP: 2/9
  4570 | D:4      | Noticed an ogre
  4580 | D:4      | Killed an ogre
  4580 | D:4      | Reached XP level 5. HP: 22/22 MP: 2/10
  4703 | D:4      | Noticed a phantom
  4810 | D:3      | Learned a level 5 spell: Lightning Bolt
  4815 | D:3      | Learned a level 4 spell: Airstrike
  4981 | D:4      | Killed a phantom
  5312 | D:4      | Found a sparkling altar of Nemelex Xobeh.
  5330 | D:4      | Gained mutation: You are covered in thick fur. (AC +2)
                  | [Felid growth]
  5330 | D:4      | Reached XP level 6. HP: 26/26 MP: 3/12
  5609 | D:5      | Entered Level 5 of the Dungeon
  6416 | D:5      | Found Zoump's Antique Armour Boutique.
  6529 | D:5      | Noticed Eustachio
  7152 | D:5      | Killed Eustachio
  7152 | D:5      | Reached XP level 7. HP: 30/30 MP: 1/14
  8080 | D:5      | Reached skill level 5 in Air Magic
  8511 | D:6      | Found a staircase to the Ecumenical Temple.
  8520 | Temple   | Entered the Ecumenical Temple
  8546 | Temple   | Became a worshipper of Vehumet
  9121 | D:6      | Reached XP level 8. HP: 34/34 MP: 11/16
  9125 | D:6      | Reached skill level 5 in Spellcasting
  9554 | D:6      | Found Dogiguor's Food Boutique.
  9710 | D:7      | Found a burning altar of Makhleb.
 10009 | D:7      | Reached * piety under Vehumet
 10009 | D:7      | Offered knowledge of Freeze by Vehumet.
 10678 | D:7      | Reached skill level 5 in Conjurations
 10825 | D:7      | Noticed Menkaure
 10827 | D:7      | Killed Menkaure
 10827 | D:7      | Reached skill level 5 in Stealth
 10827 | D:7      | Reached XP level 9. HP: 16/37 MP: 10/19
 11472 | D:8      | Noticed an angel
 11473 | D:8      | Found a shimmering altar of Xom.
 11474 | D:8      | Found a glowing silver altar of Zin.
 11752 | D:8      | Reached skill level 5 in Dodging
 11752 | D:8      | Reached skill level 1 in Evocations
 11872 | D:8      | Found a shadowy altar of Dithmenos.
 12432 | D:8      | Slain by a hornet
 12433 | D:8      | Reached XP level 8. HP: -2/34 MP: 15/18
 12446 | D:8      | Killed a hornet
 12475 | D:8      | Killed a hornet
 12478 | D:8      | Killed a hornet
 12582 | D:8      | Killed a hornet
 12582 | D:8      | Reached XP level 9. HP: 19/39 MP: 14/20
 12926 | D:9      | You fall into a shaft and drop 3 floors!
 13451 | D:11     | Noticed a deep elf mage
 13453 | D:11     | Killed a deep elf mage
 13675 | D:11     | Noticed a purple ugly thing
 13679 | D:11     | Killed a purple ugly thing
 13679 | D:11     | Reached ** piety under Vehumet
 13801 | D:11     | Noticed Harold
 13806 | D:11     | Killed Harold
 13806 | D:11     | Offered knowledge of Sandblast by Vehumet.
 13806 | D:11     | Reached XP level 10. HP: 43/43 MP: 1/22
 14402 | D:11     | Found a staircase to the Lair.
 14489 | D:11     | Noticed an unseen horror
 14493 | D:11     | Killed an unseen horror
 14493 | D:11     | Reached skill level 5 in Fighting
 14596 | D:11     | Noticed Erolcha
 14599 | D:11     | Killed Erolcha
 14823 | D:10     | Entered Level 10 of the Dungeon
 16053 | D:9      | Noticed a deep elf mage
 16055 | D:9      | Killed a deep elf mage
 16470 | D:9      | Noticed a two-headed ogre
 16474 | D:9      | Killed a two-headed ogre
 16642 | D:9      | Reached skill level 5 in Evocations
 16708 | D:9      | Offered knowledge of Inner Flame by Vehumet.
 16708 | D:9      | Reached XP level 11. HP: 48/48 MP: 16/24
 17443 | D:9      | Reached *** piety under Vehumet
 17766 | Lair:1   | Entered Level 1 of the Lair of Beasts
 17768 | Lair:1   | Noticed a six-headed hydra
 17773 | Lair:1   | Killed a six-headed hydra
 19036 | Lair:1   | Offered knowledge of Mephitic Cloud by Vehumet.
 19544 | Lair:1   | Noticed a five-headed hydra
 19548 | Lair:1   | Killed a five-headed hydra
 19759 | Lair:1   | Reached skill level 10 in Air Magic
 19760 | Lair:1   | Reached skill level 10 in Spellcasting
 20277 | Lair:2   | Noticed an oklob plant
 20277 | Lair:2   | Noticed an oklob plant
 20838 | Lair:2   | Found a hole to the Spider Nest.
 20908 | Lair:2   | Gained mutation: Your thick and shaggy fur keeps you warm.
                  | (AC +3, rC+) [Felid growth]
 20908 | Lair:2   | Reached XP level 12. HP: 53/53 MP: 14/27
 21284 | Lair:2   | Noticed a six-headed hydra
 21287 | Lair:2   | Killed a six-headed hydra
 21694 | Lair:2   | Reached **** piety under Vehumet
 22039 | Lair:2   | Got a shimmering emerald amulet
 22091 | Lair:3   | Identified the amulet "Vamuschi" {Gourm rElec rC+ Str-5
                  | Slay+2} (You found it on level 2 of the Lair of Beasts)
 22547 | Lair:3   | Found a staircase to the Swamp.
 23016 | Lair:3   | Offered knowledge of Bolt of Magma by Vehumet.
 23870 | Lair:4   | Noticed Nessos
 23874 | Lair:4   | Killed Nessos
 24354 | Lair:4   | Noticed Kirke
 24361 | Lair:4   | Killed Kirke
 24500 | Lair:4   | Mangled by a spiny frog
 24501 | Lair:4   | Reached XP level 11. HP: -12/51 MP: 16/27
 24583 | Lair:4   | Noticed a fire dragon
 24587 | Lair:4   | Killed a fire dragon
 25253 | Lair:5   | Reached XP level 12. HP: 55/55 MP: 16/28
 26374 | Lair:6   | Entered Level 6 of the Lair of Beasts
 26960 | Lair:6   | Noticed an eight-headed hydra
 26964 | Lair:6   | Killed an eight-headed hydra
 27135 | Lair:6   | Reached ***** piety under Vehumet
 27153 | Lair:6   | Offered knowledge of Freezing Cloud by Vehumet.
 27166 | Lair:5   | Learned a level 6 spell: Freezing Cloud
 27349 | Lair:6   | Found a runed translucent door.
 27350 | Lair:6   | Found a viscous altar of Jiyva.
 27350 | Lair:6   | Noticed an azure jelly
 27350 | Lair:6   | Noticed an azure jelly
 27861 | Lair:6   | Noticed a seven-headed hydra
 27883 | Lair:6   | Killed a seven-headed hydra
 28126 | Lair:6   | Found a staircase to the Slime Pits.
 28126 | Lair:6   | Noticed an azure jelly
 28202 | Lair:6   | Annihilated by a spriggan rider

Levels and vault maps discovered:
D:1:      minmay_arrival_four_houses, layout_loops_ring, minmay_pentomino_z2
D:2:      layout_loops_ring, minitemple, chequers_ecumenical_altar_simple_redux,
          doesnt_xom_only_xom
D:3:      layout_rooms, first_ration
D:4:      cheibrodos_helix_gallery, layout_cave_pools, lemuel_doored_altar
D:5:      layout_basic, serial_shops, shop_statue, uniq_eustachio
D:6:      layout_cave_pods, minmay_temple_entry_statues_pillars, serial_shops,
          shop
D:7:      layout_basic, basic_altar, uniq_menkaure
D:8:      layout_basic, grunt_temple_overflow_order_and_chaos_1,
          nicolae_dithmenos_through_a_glass_darkly, corner_web_ring,
          hangedman_pestilent_swarm
D:9:      layout_basic
D:10:     layout_irregular_city, chequers_serial_rivers_small_3
D:11:     layout_irregular_city, lair_entry_dummy, uniq_erolcha, uniq_harold
D:12:     layout_basic, erik_orc_1
Temple:   eino_temple_scatter_basement
Lair:1:   layout_regular_city, grunt_megastairs_4
Lair:2:   layout_gridlike, spider_nest_entry_rubble,
          hangedman_lair_unloving_vines, minmay_lair_oklob_chamber,
          grunt_megastairs_2
Lair:3:   layout_gridlike, swamp_mist_pool
Lair:4:   dragon1_lemuel, layout_regular_city, grunt_forest_stairs_basic,
          uniq_nessos, uniq_kirke
Lair:5:   layout_regular_city, serial_bayou_shore_b
Lair:6:   minmay_lair_end_enchanted_forest, layout_cave_pods, slime_altar_2,
          chequers_serial_rivers_marsh, serial_bayou_shore_b

Skill      XL: |  1  2  3  4  5  6  7  8  9 10 11 12 |
---------------+-------------------------------------+-----
Conjurations   | 1 2 3 4 5 6 7 8 |  8.9
Air Magic      | 3 4 5 7 8 9 10 11 | 11.8
Fighting       | 1 2 3 4 5 6 8 |  8.5
Spellcasting   | 3 4 7 8 10 11 | 11.7
Dodging        | 3 4 5 |  5.0
Stealth        | 3 5 |  5.0
Evocations     | 2 3 5 6 8 |  8.5

Action                   |  1- 3 |  4- 6 |  7- 9 | 10-12 || total
-------------------------+-------+-------+-------+-------++-------
Melee: Unarmed           |    11 |    10 |    19 |    14 ||    54
       Bite              |       |       |     3 |       ||     3
 Cast: Shock             |   110 |   151 |    35 |    37 ||   333
       Airstrike         |       |    12 |   116 |   416 ||   544
       Lightning Bolt    |       |       |       |     2 ||     2
Evoke: Wand              |       |       |     1 |    23 ||    24
       Phial of floods   |       |       |       |     1 ||     1
  Use: Scroll            |       |    10 |    10 |     8 ||    28
       Potion            |       |       |     1 |       ||     1
 Stab: Paralysed         |       |       |     5 |       ||     5
  Eat: Chunk             |    17 |    11 |    31 |    52 ||   111
Armor: Skin              |     5 |    12 |     1 |     4 ||    22
Dodge: Dodged            |    28 |    74 |    29 |    92 ||   223
Block: Other             |       |     1 |       |       ||     1

Table legend:
 A = Non-vault XP
 B = Vault XP
 C = Vault XP percentage of total XP
 D = Non-vault monster count
 E = Vault monster count
 F = Vault count percentage of total count
                 A         B        C        D         E       F
            +---------+---------+-------+---------+---------+-------
      Total |   35572 |   17817 |  33.4 |     307 |      59 |  16.1
            +---------+---------+-------+---------+---------+-------
        D:1 |      54 |       2 |   3.6 |      30 |       1 |   3.2
        D:2 |      56 |       0 |   0.0 |      18 |       0 |   0.0
        D:3 |      55 |       0 |   0.0 |      12 |       0 |   0.0
        D:4 |     332 |       1 |   0.3 |      13 |       1 |   7.1
        D:5 |     537 |     188 |  25.9 |      16 |       1 |   5.9
        D:6 |     460 |       0 |   0.0 |      20 |       0 |   0.0
        D:7 |    1128 |     172 |  13.2 |      15 |       1 |   6.2
        D:8 |     817 |    1141 |  58.3 |      16 |       4 |  20.0
        D:9 |    2650 |       0 |   0.0 |      28 |       0 |   0.0
       D:10 |    1038 |       0 |   0.0 |      18 |       0 |   0.0
       D:11 |    3461 |    2100 |  37.8 |      20 |       3 |  13.0
       D:12 |     336 |       0 |   0.0 |       6 |       0 |   0.0
     Lair:1 |    7087 |     425 |   5.7 |      28 |       1 |   3.4
     Lair:2 |    1034 |    4635 |  81.8 |       5 |      15 |  75.0
     Lair:3 |    5215 |     200 |   3.7 |      25 |       1 |   3.8
     Lair:4 |     528 |    4808 |  90.1 |       2 |       5 |  71.4
     Lair:5 |    3649 |     111 |   3.0 |      17 |       1 |   5.6
     Lair:6 |    7135 |    4034 |  36.1 |      18 |      25 |  58.1
            +---------+---------+-------+---------+---------+-------
